 Dungeon Crawl Stone Soup version 0.28-a0-514-g0d7ab7f379 (webtiles) character file.

Game seed: 8035999665229433407

108 bjtr the Conjurer (level 4, 0/34 HPs)
             Began as a Demigod Conjurer on Sept 23, 2021.
             Slain by Natasha (6 damage)
             ... on level 2 of the Dungeon.
             The game lasted 00:18:15 (2556 turns).

bjtr the Conjurer (Demigod Conjurer)                Turns: 2556, Time: 00:18:16

Health: 0/34       AC:  4    Str:  8    XL:     4   Next: 33%
Magic:  6/10       EV: 11    Int: 24    God:
Gold:   44         SH:  0    Dex: 12    Spells: 4/7 levels left

rFire   . . .      SeeInvis .   a - +0 short sword
rCold   . . .      Faith    .   (no shield)
rNeg    . . .      Spirit   .   r - +0 leather armour
rPois   .          Reflect  .   (no helmet)
rElec   .          Harm     .   (no cloak)
rCorr   .          Rampage  .   (no gloves)
Will    .....                   k - +0 pair of boots
Stlth   ++........              (no amulet)
HPRegen 0.11/turn               (no ring)
MPRegen 0.12/turn               (no ring)

@: no status effects
A: high mp 1, forlorn
a: no special abilities


You were on level 2 of the Dungeon.
You visited 1 branch of the dungeon, and saw 3 of its levels.

You collected 89 gold pieces.
You spent 45 gold pieces at shops.

Inventory:

Hand Weapons
 a - a +0 short sword (weapon)
 f - a +0 hunting sling
 n - a +0 spear
Missiles
 e - 66 sling bullets
 i - 20 arrows
 j - 57 stones
Armour
 k - a +0 pair of boots (worn)
 r - a +0 leather armour (worn)
Magical Staves
 b - a staff of poison
Scrolls
 d - a scroll of silence {unknown}
 h - 3 scrolls of blinking {unknown}
 p - a scroll of immolation {unknown}
Potions
 c - a potion of lignification {unknown}
 g - 3 potions of attraction
 l - 2 potions of curing
 m - 4 potions of heal wounds
 o - a potion of haste {unknown}


   Skills:
 * Level 0.9 Fighting
 * Level 2.2 Dodging
 + Level 2.0 Stealth
 * Level 0.7 Shields
 * Level 2.3 Spellcasting
 * Level 4.5 Conjurations
 * Level 0.5 Necromancy


You had 4 spell levels left.
You knew the following spells:

 Your Spells              Type           Power      Damage    Failure   Level
a - Magic Dart            Conj           96%        1d7       2%          1
b - Searing Ray           Conj           48%        2d6       4%          2

Your spell library contained the following spells:

 Spells                   Type           Power      Damage    Failure   Level
 Sublimation of Blood     Necr           2%         N/A       21%         2
 Dazzling Flash           Conj/Hex       26%        N/A       21%         3
 Fulminant Prism          Conj/Hex       6%         3d7       54%         4
 Iskenderun's Mystic Bla  Conj/Tloc      13%        2d5       54%         4
 Petrify                  Tmut/Erth      2%         N/A       86%         4
 Irradiate                Conj/Tmut      6%         3d15      88%         5


Dungeon Overview and Level Annotations

Branches:
Dungeon (3/15)

Shops:
D:1 [

Annotations:
D:2 Natasha
D:3 Purgy


Innate Abilities, Weirdness & Mutations

Your attributes grow dramatically as you level up.
You have an increased reservoir of magic. (+10% MP)
You shall have no god before yourself.


Message History

Level annotation: Natasha, Purgy The orc closely misses you. x2; The orc hits you with a +0 short sword.
The orc hits you with a +0 dagger. The orc hits you but does no damage.
There is a stone staircase leading up, spattered with blood here.
The orc misses you. Natasha closely misses you. The orc closely misses you.
The orc barely misses you.
You climb upwards.
There is a stone staircase leading down here.
The orc hits you with a +0 dagger.
Natasha extends her claws.
Natasha barely misses you.
Natasha stares at you and mumbles some strange words.
The magic dart hits you!
Unknown command.
Things that are here:
a +0 dagger; an orc corpse
Things that are here:
a +0 leather armour; a +0 club; a +0 club
Casting: Searing Ray (safe; 4% risk of failure)
Confirm with . or Enter, or press ? or * to list all spells.
Aiming: Searing Ray (safe; 4% risk of failure)
Press: ? - help, Shift-Dir - straight line, f - orc
Aim: an orc, wielding a +0 short sword (79% to hit)
The searing ray misses Natasha.
The searing ray hits the orc!
You kill the orc!
The searing ray hits the orc!
You kill the orc! (Press . to maintain the ray.) Natasha claws you.
The searing ray hits Natasha!
Natasha is heavily wounded.
Natasha claws you!
* * * LOW HITPOINT WARNING * * *
Unknown command.
The searing ray hits Natasha.
Natasha is almost dead.
The searing ray hits the orc.
The orc is heavily wounded.
Natasha claws you.
You die...

#.#...####..<......#
#.##.## ##.......##
#.#### ##.....##
#...# ##...## ###)#
##+## #o# #.# #.#
####.#### #h#
#.......#
#@#######.#...#.#
#.#.............#
#.#.#####.....#.#
#.#.#####..#.##.##
#.....)...........
#########.#####.##
#.......# #########


You could see Natasha and an orc.

Vanquished Creatures
  A gnoll (D:2)
  4 adders (D:2)
  A worm (D:2)
  2 dart slugs (D:1)
  4 orcs (D:2)
  6 endoplasms
  4 hobgoblins (D:1)
  4 jackals (D:1)
  2 quokkas (D:1)
  4 ball pythons
  A bat (D:2)
  2 frilled lizards (D:2)
  6 goblins
  5 kobolds
  5 rats
51 creatures vanquished.

Vanquished Creatures (others)
  2 demonic plants (D:1)
2 creatures vanquished.

Grand Total: 53 creatures vanquished

Notes
Turn   | Place    | Note
-------+----------+-------------------------------------------
     0 | D:1      | bjtr the Demigod Conjurer began the quest for the Orb.
     0 | D:1      | Reached XP level 1. HP: 14/14 MP: 5/5
   217 | D:1      | Found Ukir Kant's Armour Emporium.
   288 | D:1      | Reached XP level 2. HP: 20/20 MP: 2/7
   291 | D:1      | Learned a level 2 spell: Searing Ray
   468 | D:1      | Reached skill level 4 in Conjurations
   686 | D:1      | Noticed a Brimstone Fiend
  1011 | D:2      | Reached XP level 3. HP: 26/26 MP: 8/8
  1678 | D:2      | Reached XP level 4. HP: 34/34 MP: 8/10
  2260 | D:3      | Noticed Purgy
  2345 | D:3      | Noticed Natasha
  2440 | D:1      | Bought a +0 pair of boots for 45 gold pieces
  2556 | D:2      | Slain by Natasha

Illustrated notes

Levels and vault maps discovered:
D:1:      giann_forest_graveyard, layout_rooms,
          dreamdust_ecumenical_altar_sealed_demon, serial_shops,
          nicolae_shop_temple_entry_statues_fountains
D:2:      kennysheep_six_static_rooms, layout_loops_corners
D:3:      layout_rooms, minmay_overflow_temple_star_quad, st_stairs_7,
          uniq_natasha, uniq_crazy_yiuf_cottage, uniq_purgy

Skill      XL: |  1  2  3 |
---------------+----------+-----
Dodging        | 2 |  2.2
Spellcasting   | 2 |  2.3
Conjurations   | 4 |  4.5
Stealth        | 2 |  2.0
Fighting       | |  0.9
Shields        | |  0.7
Necromancy     | |  0.5

Action                   |  1- 3 |  4- 6 || total
-------------------------+-------+-------++-------
Melee: Whip              |     8 |       ||     8
       Short sword       |     2 |       ||     2
       Staff             |     1 |       ||     1
 Cast: Magic Dart        |    18 |       ||    18
       Searing Ray       |    20 |     9 ||    29
  Use: Scroll            |     3 |     1 ||     4
Armor: Robe              |     5 |       ||     5
       Leather armour    |       |     3 ||     3
Dodge: Dodged            |    15 |    15 ||    30

Table legend: (Time is in decaauts)
 A = Elapsed time spent in this place.
 B = Non-inter-level travel time spent in this place.
 C = Inter-level travel time spent in this place.
 D = Time resting spent in this place.
 E = Time spent auto-exploring this place.
 F = Levels seen in this place.
 G = Mean time per level.
                   A        B        C        D        E       F      G
               +--------+--------+--------+--------+--------+-----+--------+
         Total |   2556 |   2320 |    236 |    508 |   1385 |   3 |  852.0 |
       Dungeon |   2556 |   2320 |    236 |    508 |   1385 |   3 |  852.0 |
               +--------+--------+--------+--------+--------+-----+--------+

Top non-repeatable levels by time:
     D:2: 1483 daAuts
     D:1: 1061 daAuts
     D:3: 11 daAuts
